 Dungeon Crawl Stone Soup version 0.31-a0-441-g867994ef1c (webtiles) character file.

Game seed: 13434477981233634311

169 LeprechaunX the Ruffian (level 5, -3/35 HPs)
             Began as an Octopode Shapeshifter on Aug 2, 2023.
             Killed from afar by an orc wizard (8 damage)
             ... with a magic dart
             ... on level 3 of the Dungeon.
             The game lasted 00:02:49 (1698 turns).

LeprechaunX the Ruffian (Octopode Shapeshifter)     Turns: 1698, Time: 00:02:50

Health: -3/35      AC:  1    Str: 16    XL:     5   Next: 50%
Magic:  5/5        EV: 13    Int: 11    God:
Gold:   194        SH:  0    Dex: 12    Spells: 4/4 levels left

rFire   . .          .
                       - Unarmed
rCold   . . .        (no shield)
rNeg    . . .        (helmet currently unavailable)
rPois   .            (no amulet)
rElec   .            m - ring of flight
rCorr   .            (no ring)
SInv    .            (no ring)
Will    .....        (no ring)
Stlth   ++           (no ring)
HPRegen 0.25/turn    (no ring)
MPRegen 0.09/turn    (no ring)
                     (no ring)

%: no passive effects
@: beast-form, flying
A: beast (slay +2), almost no armour, amphibious, 8 rings, camouflage 1,
gelatinous body 1, (nimble swimmer 1), tentacles
a: Begin Untransformation


You were on level 3 of the Dungeon.
You were a hulking beast.
You visited 1 branch of the dungeon, and saw 4 of its levels.

You collected 194 gold pieces.

Inventory:

Hand Weapons
 a - the +7 sling of the Pillar {freeze, rElec}
   (You found it on level 2 of the Dungeon)

   rElec:     It insulates you from electricity.
Jewellery
 m - a ring of flight (left tentacle)
Talismans
 b - a beast talisman (active)
Scrolls
 c - 9 scrolls of identify {unknown}
 d - 4 scrolls of blinking {unknown}
 e - 3 scrolls of teleportation {unknown}
 g - a scroll of fear {unknown}
 i - 3 scrolls of torment {unknown}
 n - a scroll of enchant weapon {unknown}
 o - a scroll of vulnerability {unknown}
 p - a scroll of poison {unknown}
 r - a scroll of revelation {unknown}
Potions
 f - 2 potions of attraction {unknown}
 h - 3 potions of curing {unknown}
 j - a potion of mutation {unknown}
 k - a potion of might {unknown}
 l - a potion of lignification
 q - a potion of enlightenment {unknown}


   Skills:
 + Level 2.3 Fighting
 + Level 1.3 Ranged Weapons
 + Level 3.0 Dodging
 + Level 4.0 Unarmed Combat
 + Level 3.5 Shapeshifting


You had 4 spell levels left.
You didn't know any spells.
Your spell library contained the following spells:

 Spells                   Type           Power      Damage    Failure   Level
 Sandblast                Erth           0%         2d4       34%         1
 Passwall                 Tmut/Erth      0%         N/A       47%         2
 Stone Arrow              Conj/Erth      0%         3d7       71%         3


Dungeon Overview and Level Annotations

Branches:
Dungeon (4/15)
 Temple: D:4-7

Altars:

Shops:
D:2 !


Innate Abilities, Weirdness & Mutations

You are a hulking beast.
Your limbs bulge with bestial killing power. (Slay +2)
You cannot wear most types of armour.
You are amphibious.
You can wear up to eight rings at the same time.
Your skin changes colour to match your surroundings (Stealth+).
Your rubbery body absorbs attacks. (AC +1, EV +1)
((You are camouflaged when in or above water. (Stealth+)))
You have tentacles for arms and can constrict up to eight enemies at once.


Message History

You are more confused.
The orc misses you.
The orc wizard hits you with a +0 dagger.
You fly upwards.
Reactivating autopickup.
There is a stone staircase leading down here.
You are too confused!
You are too confused!
You are too confused!
You miss the orc wizard. You squeeze the orc wizard.
The orc wizard is lightly wounded.
You barely miss the orc wizard. Your squeeze misses the orc wizard.
The orc wizard is lightly wounded.
The orc wizard hits you with a +0 dagger.
The orc hits you with a +0 flail!
You bump into the rock wall.
The orc wizard casts a spell at you. You resist with some effort.
You barely miss the orc wizard.
Your tentacle-slap misses the orc wizard.
The orc wizard is lightly wounded.
The orc wizard barely misses you. The orc barely misses you.
You bump into the rock wall.
You feel less confused.
The orc wizard hits you with a +0 dagger.
You tentacle-slap the orc wizard. Your grab misses the orc wizard.
The orc wizard is moderately wounded.
You tentacle-slap the orc wizard. Your grab misses the orc wizard.
You squeeze the orc wizard.
The orc wizard is severely wounded.
The orc wizard gestures at you while chanting.
The magic dart hits you!
* * * LOW HITPOINT WARNING * * *
You closely miss the orc wizard. Your grab misses the orc wizard.
Your tentacle-slap misses the orc wizard.
Your squeeze misses the orc wizard.
The orc wizard is severely wounded.
The orc wizard gestures at you while chanting.
The magic dart hits you!
You die...

#.# #####...####.#..#####. #.#
#[...<.......#..# #. #.#
#.####..######..#####. #.# ##.##
#..# #........... #.###...###.[#
#.###.###.#.
#..>.........###.###.......
##########)..###.##)....#.###.#.
#..........>..##.##.###.#.# #.#.
#.#..........ooh...<# #...# #.#.
#.#.#########.##.##)###.#.# #.#.
#.#.# #.##.##.....#.# #.#.
#.#.## ♣.##.####.###.# #.##
#....#♣♣♣♣♣♣♣♣##.# #.# #.# #.##
#.###♣P~PP♣~P~♣#.# #.# #.###.##
#.##~~~~~P~P~~♣♣.####.###..##.##
#.....~..~~~~~P♣♣~##...........#
##...........~P~P♣......#####...


You could see an orc wizard and an orc.

Vanquished Creatures
  A hound (D:4)
  An orc wizard (D:3)
  An adder (D:2)
  2 worms (D:2)
  A dart slug (D:3)
  11 orcs
  8 ball pythons
  6 endoplasms
  7 giant cockroaches
  7 goblins
  8 hobgoblins
  5 jackals (D:2)
  A quokka (D:1)
  4 bats
  5 frilled lizards
  6 kobolds
  3 rats
77 creatures vanquished.

Notes
Turn   | Place    | Note
-------+----------+-------------------------------------------
     0 | D:1      | LeprechaunX the Octopode Shapeshifter began the quest for
                  | the Orb.
     0 | D:1      | Reached XP level 1. HP: 13/13 MP: 1/1
    93 | D:1      | Reached XP level 2. HP: 18/18 MP: 2/2
   440 | D:2      | Reached XP level 3. HP: 23/23 MP: 3/3
   569 | D:2      | Identified the +7 sling of the Pillar {freeze, rElec}
   676 | D:2      | Reached XP level 4. HP: 24/29 MP: 4/4
   759 | D:2      | Found Guerph's Distillery.
   996 | D:3      | Reached skill level 1 in Ranged Weapons
  1085 | D:3      | Found a faded altar of an unknown god.
  1219 | D:3      | Reached XP level 5. HP: 34/34 MP: 5/5
  1672 | D:4      | Reached skill level 4 in Unarmed Combat
  1698 | D:3      | Killed from afar by an orc wizard

Illustrated notes

Levels and vault maps discovered:
D:1:      dpeg_arrival_more_subterranean_lakeside_camping, layout_rooms
D:2:      layout_rooms, serial_shops, shop, minmay_guardbox
D:3:      layout_loops_ring, dreamdust_ecumenical_altar_statues,
          roderic_malta_cross, serial_bayou_ford_a
D:4:      layout_rooms, nicolae_qazlal_style_of_elements, old_standard_altar,
          minmay_strange_pillars, nicolae_grassy_gnolls, uniq_natasha

Skill      XL: |  1  2  3  4  5 |
---------------+----------------+-----
Fighting       | 2 |  2.3
Ranged Weapons | 1 |  1.3
Dodging        | 3 |  3.0
Unarmed Combat | 4 |  4.0
Shapeshifting  | |  3.5

Action                     |  1- 3 |  4- 6 || total
---------------------------+-------+-------++-------
  Melee: Unarmed           |    54 |    28 ||    82
         Constrict         |    19 |     6 ||    25
         Tentacles         |    13 |     2 ||    15
         Punch             |     6 |       ||     6
   Fire: Sling             |    12 |    29 ||    41
   Stab: Sleeping          |     5 |     1 ||     6
 Armour: Skin              |       |     1 ||     1
  Dodge: Dodged            |    40 |    14 ||    54

Table legend: (Time is in decaauts)
 A = Elapsed time spent in this place.
 B = Non-inter-level travel time spent in this place.
 C = Inter-level travel time spent in this place.
 D = Time resting spent in this place.
 E = Time spent auto-exploring this place.
 F = Levels seen in this place.
 G = Mean time per level.
                   A        B        C        D        E       F      G
               +--------+--------+--------+--------+--------+-----+--------+
         Total |   1698 |   1625 |     73 |      0 |   1304 |   4 |  424.5 |
       Dungeon |   1698 |   1625 |     73 |      0 |   1304 |   4 |  424.5 |
               +--------+--------+--------+--------+--------+-----+--------+

Top non-repeatable levels by time:
     D:3: 730 daAuts
     D:2: 514 daAuts
     D:1: 430 daAuts
     D:4: 23 daAuts
